 Dungeon Crawl Stone Soup version 0.29-a0-870-g2c972031a6 (webtiles) character file.

Game seed: 10604983473017573512

574 porpoise the Trooper (level 7, -4/56 HPs)
             Began as a Formicid Abyssal Knight on July 18, 2022.
             Was an Elder of Lugonu.
             Slain by an orc warrior
             ... wielding a +0 flail
              (13 damage)
             ... on level 5 of the Dungeon.
             The game lasted 00:09:54 (4541 turns).

porpoise the Trooper (Formicid Abyssal Knight)      Turns: 4541, Time: 00:09:55

Health: -4/56      AC: 12    Str: 20    XL:     7   Next: 61%
Magic:  10/10      EV:  8    Int:  9    God:    Lugonu [****..]
Gold:   234        SH:  0    Dex: 14    Spells: 6/6 levels left

rFire   . . .      SeeInvis +   a - +1 spear (vorpal)
rCold   . . .      Faith    .   (no shield)
rNeg    . . .      Spirit   .   l - +0 chain mail
rPois   .          Reflect  .   (helmet unavailable)
rElec   .          Harm     .   c - +0 cloak
rCorr   .          Rampage  .   (no gloves)
Will    .....                   z - +1 pair of boots
Stlth   ..........              (no amulet)
HPRegen 0.18/turn               (no ring)
MPRegen 0.12/turn               (no ring)

@: no status effects
A: permanent stasis, dig shafts and tunnels, antennae 3, four strong arms
a: Dig, Shaft Self, Renounce Religion, Depart the Abyss, Bend Space, Banish,
Corrupt


You were on level 5 of the Dungeon.
You worshipped Lugonu.
Lugonu was greatly pleased with you.
You visited 1 branch of the dungeon, and saw 5 of its levels.
You visited the Abyss 1 time.

You collected 234 gold pieces.

Inventory:

Hand Weapons
 a - a +1 vorpal spear (weapon)
Missiles
 i - 10 boomerangs
 n - 4 datura-tipped darts
 p - 10 poisoned darts
Armour
 c - a +0 cloak (worn)
 l - a +0 chain mail (worn)
 z - a +1 pair of boots (worn)
Magical Staves
 g - a staff of air
Jewellery
 t - an amulet of guardian spirit
 x - a ring of protection from cold
Wands
 j - a wand of light (2)
 v - a wand of mindburst (14)
Scrolls
 f - a scroll of brand weapon
 h - 3 scrolls of immolation
 o - a scroll of enchant weapon {unknown}
 q - a scroll of poison {unknown}
 r - a scroll of vulnerability {unknown}
 w - a scroll of magic mapping {unknown}
 y - a scroll of fog {unknown}
 A - a scroll of silence {unknown}
Potions
 b - 4 potions of heal wounds
 d - a potion of magic
 e - a potion of lignification
 k - a potion of flight {unknown}
 s - 2 potions of berserk rage {unknown}
 u - a potion of brilliance {unknown}


   Skills:
 + Level 5.0 Fighting
 + Level 3.8 Polearms
 + Level 4.2 Armour
 + Level 3.0 Dodging
 + Level 4.6 Invocations


You had 6 spell levels left.
You didn't know any spells.
Your spell library contained the following spells:

 Spells                   Type           Power      Damage    Failure   Level
 Magic Dart               Conj           0%         1d3       99%         1
 Necrotise                Necr           0%         1d4       99%         1
 Call Imp                 Summ           0%         N/A       99%         2
 Mephitic Cloud           Conj/Pois/Air  0%         N/A       100%        3
 Vampiric Draining        Necr           0%         2d6       100%        3
 Agony                    Necr           0%         N/A       100%        5


Dungeon Overview and Level Annotations

Branches:
Dungeon (5/15)
 Temple: D:4-7

Altars:
Cheibriados
Nemelex Xobeh


Innate Abilities, Weirdness & Mutations

You cannot be hasted, slowed, berserked, paralysed or teleported.
You can dig through walls and to a lower floor.
You have a pair of large antennae on your head. (SInv)
Your four strong arms can wield two-handed weapons with a shield.


Message History

The orc warrior hits you with a +0 flail.
Your Dodging skill increases to level 3!
You hit the orc wizard.
The orc wizard is moderately wounded.
The orc wizard hits you but does no damage.
The orc warrior hits you with a +0 flail!
You barely miss the orc wizard.
The orc wizard is moderately wounded.
You hit the orc wizard.
The orc wizard is heavily wounded.
The orc warrior hits you with a +0 flail!
The orc wizard hits you but does no damage.
You hit the orc wizard.
You kill the orc wizard!
Lugonu accepts your kill.
The orc warrior hits you with a +0 flail.
Your Fighting skill increases to level 5!
You hit the orc warrior but do no damage.
The orc warrior hits you but does no damage.
You hit the orc warrior.
The orc warrior is lightly wounded.
The orc warrior hits you with a +0 flail!
You puncture the orc warrior!
The orc warrior is heavily wounded.
The orc warrior hits you with a +0 flail!
* * * LOW HITPOINT WARNING * * *
You closely miss the orc warrior.
The orc warrior is heavily wounded.
The orc warrior closely misses you.
You hit the orc warrior.
The orc warrior is heavily wounded.
The orc warrior hits you with a +0 flail!
* * * LOW HITPOINT WARNING * * *
You feel better.
The orc warrior hits you with a +0 flail.
* * * LOW HITPOINT WARNING * * *
You hit the orc warrior but do no damage.
The orc warrior is heavily wounded.
The orc warrior hits you with a +0 flail!
You die...

... #.......##
#....#
#..###'##...#
#....#
#..##..##...#
#.......#..##
#.......#..##+##
#####..##......#
#..##......+
#......#
#....@.#
#...o))+
#####..# #..#
#..# #..# '..#
#..# ..#


You could see an orc warrior.

Vanquished Creatures
  A howler monkey (D:4)
  A hound (D:4)
  A gnoll bouda (D:4)
  2 orc priests
  3 jellies
  An iguana (D:4)
  3 orc wizards
  5 gnolls (D:4)
  6 adders
  An ufetubus (D:4)
  4 worms
  3 dart slugs
  18 orcs
  5 bats
  6 endoplasms
  3 giant cockroaches
  6 goblins
  2 hobgoblins
  4 jackals (D:2)
  2 quokkas
  4 ball pythons
  10 kobolds
  2 rats
93 creatures vanquished.

Notes
Turn   | Place    | Note
-------+----------+-------------------------------------------
     0 | Abyss:1  | porpoise the Formicid Abyssal Knight began the quest for
                  | the Orb.
     0 | Abyss:1  | Reached XP level 1. HP: 18/18 MP: 2/2
     3 | D:1      | Escaped the Abyss
    86 | D:1      | Reached skill level 1 in Dodging
   133 | D:1      | Found a faded altar of an unknown god.
   184 | D:1      | Reached XP level 2. HP: 24/24 MP: 3/3
   776 | D:2      | Reached XP level 3. HP: 29/29 MP: 4/4
  1156 | D:2      | Reached *** piety under Lugonu
  1157 | D:2      | Reached XP level 4. HP: 34/37 MP: 6/6
  1513 | D:2      | Reached skill level 4 in Fighting
  1513 | D:2      | Reached XP level 5. HP: 36/42 MP: 7/7
  2795 | D:3      | Found a snail-covered altar of Cheibriados.
  2920 | D:3      | Reached XP level 6. HP: 48/48 MP: 8/8
  3077 | D:3      | Found a sparkling altar of Nemelex Xobeh.
  3611 | D:4      | Reached XP level 7. HP: 38/55 MP: 10/10
  3633 | D:4      | Reached **** piety under Lugonu
  4467 | D:5      | Entered Level 5 of the Dungeon
  4535 | D:5      | Reached skill level 5 in Fighting
  4541 | D:5      | Slain by an orc warrior

Illustrated notes

Levels and vault maps discovered:
D:1:      tarquinn_simple_flora_water_d, layout_loops_ring,
          hellmonk_ecumenical_altar_lost_god, hangedman_decor_diamond_cutter
D:2:      layout_loops_corners, minmay_pentomino_z4
D:3:      layout_loops_ring, mainiacjoe_overflow_big_doors
D:4:      nicolae_cairo_tiling_large_dashed, layout_basic, portal_sewer_entry_a,
          minivault_14
D:5:      layout_gridville, minmay_temple_entry_gardened_gates

Skill      XL: |  1  2  3  4  5  6  7 |
---------------+----------------------+-----
Dodging        | 1 2 3 |  3.0
Invocations    | 3 4 |  4.6
Fighting       | 4 5 |  5.0
Armour         | 3 4 |  4.2
Polearms       | 3 |  3.8

Action                   |  1- 3 |  4- 6 |  7- 9 || total
-------------------------+-------+-------+-------++-------
Melee: Spear             |    79 |   225 |    64 ||   368
       Punch             |     1 |       |       ||     1
Evoke: Wand              |       |       |     1 ||     1
  Use: Scroll            |       |     8 |     1 ||     9
       Potion            |       |     2 |     2 ||     4
 Stab: Sleeping          |     1 |       |       ||     1
       Distracted        |       |     1 |       ||     1
Armor: Leather armour    |     2 |       |       ||     2
       Chain mail        |    34 |   111 |    21 ||   166
Dodge: Dodged            |    15 |    64 |    24 ||   103

Table legend: (Time is in decaauts)
 A = Elapsed time spent in this place.
 B = Non-inter-level travel time spent in this place.
 C = Inter-level travel time spent in this place.
 D = Time resting spent in this place.
 E = Time spent auto-exploring this place.
 F = Levels seen in this place.
 G = Mean time per level.
                   A        B        C        D        E       F      G
               +--------+--------+--------+--------+--------+-----+--------+
         Total |   4525 |   4446 |     79 |    765 |   2893 |   6 |  754.2 |
       Dungeon |   4522 |   4443 |     79 |    765 |   2893 |   5 |  904.4 |
         Abyss |      3 |      3 |      0 |      0 |      0 |   1 |    3.0 |
               +--------+--------+--------+--------+--------+-----+--------+

Top non-repeatable levels by time:
     D:4: 1329 daAuts
     D:2: 1298 daAuts
     D:3: 1098 daAuts
     D:1: 724 daAuts
     D:5: 72 daAuts
 Abyss:1: 3 daAuts
